 Dungeon Crawl Stone Soup version 0.28-a0-909-g796cbd3a86 (webtiles) character file.

Game seed: 16603637039680423594

2366 timneilson the Covered (level 9, -5/55 HPs)
             Began as a Gargoyle Fighter on Nov 24, 2021.
             Killed from afar by an acid dragon (16 damage)
             ... with a splash of acid
             ... on level 6 of the Dungeon.
             The game lasted 00:34:08 (6726 turns).

timneilson the Covered (Gargoyle Fighter)           Turns: 6726, Time: 00:34:09

Health: -5/55      AC: 14    Str: 29    XL:     9   Next: 44%
Magic:  9/9        EV: 11    Int:  9    God:
Gold:   298        SH:  5    Dex:  9    Spells: 8/8 levels left

rFire   + . .      SeeInvis +   a - +0 long sword
rCold   . . .      Faith    .   c - +0 buckler
rNeg    + . .      Spirit   .   e - +3 scale mail {rF+}
rPois   ∞          Reflect  .   (no helmet)
rElec   +          Harm     .   j - +0 cloak
rCorr   .          Rampage  .   (no gloves)
Will    .....                   (no boots)
Stlth   ..........              (no amulet)
HPRegen 0.18/turn               q - ring of see invisible
MPRegen 0.11/turn               u - +6 ring of strength

@: corroded
A: sickness immunity, AC +6, negative energy resistance 1, electricity
resistance, torment resistance 1, petrification resistance
a: no special abilities


You were on level 6 of the Dungeon.
You visited 2 branches of the dungeon, and saw 7 of its levels.
You also visited: Ossuary.

You collected 298 gold pieces.

Inventory:

Hand Weapons
 a - a +0 long sword (weapon)
Armour
 c - a +0 buckler (worn)
 e - a +3 scale mail of fire resistance (worn)
 j - a +0 cloak (worn)
Jewellery
 q - a ring of see invisible (left hand)
 s - a ring of flight
 t - a ring of ice
 u - a +6 ring of strength (right hand)
Wands
 h - a wand of acid (6)
 n - a wand of digging (2)
Scrolls
 o - 3 scrolls of teleportation
 r - 3 scrolls of fear
 x - a scroll of fog
Potions
 b - 3 potions of heal wounds
 d - 4 potions of might
 f - 2 potions of resistance
 g - a potion of ambrosia
 i - a potion of magic
 k - a potion of berserk rage {unknown}
 l - 7 potions of curing
 m - 2 potions of mutation
 p - 4 potions of invisibility
 v - a potion of cancellation {unknown}
 w - a potion of lignification {unknown}


   Skills:
 + Level 5.6 Fighting
 * Level 5.6 Long Blades
 * Level 7.3 Armour
 + Level 3.2 Dodging
 * Level 7.3 Shields
 + Level 2.8 Evocations


You had 8 spell levels left.
You didn't know any spells.
Your spell library contained the following spells:

 Spells                   Type           Power      Damage    Failure   Level
 Magic Dart               Conj           0%         1d3       61%         1
 Call Imp                 Summ           0%         N/A       75%         2
 Mephitic Cloud           Conj/Pois/Air  0%         N/A       93%         3


Dungeon Overview and Level Annotations

Branches:
Dungeon (6/15)             Temple (1/1) D:5         Ossuary (visited)

Altars:
Ashenzari
Cheibriados
Dithmenos
Elyvilon
Fedhas
Gozag
Hepliaklqana
Kikubaaqudgha
Makhleb
Nemelex Xobeh
Qazlal
Ru
Sif Muna
Trog
Uskayaw
Vehumet
Wu Jian
Xom
Yredelemnul
Zin
The Shining One

Shops:
D:6 =

Annotations:
D:5 2 transporters, frimble's ghost, amateur TrWr
D:6 1 runed translucent door, bande's ghost, novice GrFi


Innate Abilities, Weirdness & Mutations

You are immune to sickness and miasma.
Your stone body is resilient. (AC +6)
You are immune to poison.
You resist negative energy. (rN+)
You are resistant to electric shocks. (rElec)
You are resistant to unholy torment.
You are immune to petrification.


Message History

The iguana bites you.
You hit the iguana.
The iguana is almost dead.
The iguana bites you.
You hit the iguana.
You kill the iguana!
You now have 298 gold pieces (gained 18).
Found 20 stones.
Found a scroll of fog.
You see here 20 stones.
Found 18 gold pieces.
x - a scroll of fog An acid dragon comes into view.
The acid dragon roars!
Okay, then.
A bullfrog zombie comes into view.
You closely miss the acid dragon. The acid dragon bites you.
The acid dragon claws you.
You closely miss the acid dragon. The acid dragon bites you.
The acid dragon claws you but does no damage.
You barely miss the acid dragon. The acid dragon bites you.
The acid dragon barely misses you.
You hit the acid dragon but do no damage.
The acid dragon spits acid at you. The splash of acid hits you!!
Ouch! That really hurt!
* * * LOW HITPOINT WARNING * * *
The acid corrodes you!
You hit the acid dragon.
The acid dragon is lightly wounded.
The acid dragon bites you but does no damage.
The acid dragon closely misses you.
Unknown command.
Okay, then.
Okay, then.
The acid dragon closely misses you.
The acid dragon claws you but does no damage.
The acid dragon spits acid at you. The splash of acid hits you!
You die...

###### ......
..# ###### #.#
## #.# ###..
#.# #.....####
#.#
#.....####.#
##.##ZD.##.#
######.# #
###.@.(#####.#
.......#
####........#
########
.........#####
#
###..#.#...####
#.##.##.....#
#.
#.##.....######
.$
#.#...........#
# ..
....####.######
####### #.##
#.######


You could see an acid dragon (catching breath) and a bullfrog zombie.

Vanquished Creatures
  Sigmund (D:2)
  A basilisk (D:6)
  An ogre (D:5)
  A centaur (D:6)
  2 phantoms
  10 scorpions (Ossuary)
  A water moccasin zombie (D:5)
  3 bullfrog zombies
  6 centaur zombies (Ossuary)
  3 hounds (D:5)
  2 human zombies (Ossuary)
  An orc priest (D:3)
  Crazy Yiuf (D:2)
  2 bullfrog skeletons
  A centaur skeleton (D:6)
  3 iguanas
  3 orc wizards
  4 scorpion zombies (Ossuary)
  Terence (D:2)
  3 mummies (Ossuary)
  7 adders
  7 gnolls
  An adder zombie (D:5)
  2 worms (D:3)
  2 dart slugs
  7 orcs
  9 endoplasms
  4 giant cockroaches
  A gnoll zombie (Ossuary)
  16 goblins
  3 hobgoblins
  8 kobolds
  A quokka (D:5)
  5 ball pythons
  7 bats
  3 frilled lizards
  3 goblin zombies (Ossuary)
  A hobgoblin zombie (Ossuary)
  2 kobold zombies (Ossuary)
  An orc zombie (Ossuary)
  10 rats
  A spectral goblin (D:1)
151 creatures vanquished.

Notes
Turn   | Place    | Note
-------+----------+-------------------------------------------
     0 | D:1      | timneilson the Gargoyle Fighter began the quest for the
                  | Orb.
     0 | D:1      | Reached XP level 1. HP: 14/14 MP: 1/1
   300 | D:1      | Reached XP level 2. HP: 17/19 MP: 2/2
   387 | D:1      | Found a faded altar of an unknown god.
   746 | D:1      | Reached XP level 3. HP: 22/23 MP: 3/3
  1130 | D:2      | Noticed Sigmund
  1137 | D:2      | Killed Sigmund
  1138 | D:2      | Reached skill level 1 in Dodging
  1138 | D:2      | Reached XP level 4. HP: 23/29 MP: 4/4
  1138 | D:2      | Reached XP level 5. HP: 27/33 MP: 5/5
  1254 | D:2      | Noticed Terence
  1272 | D:2      | Killed Terence
  1456 | D:2      | Reached XP level 6. HP: 38/38 MP: 6/6
  1629 | D:2      | Found a runed translucent door.
  1630 | D:2      | Noticed Crazy Yiuf
  2275 | D:2      | Killed Crazy Yiuf
  2646 | D:3      | Reached skill level 5 in Armour
  3076 | D:3      | You fall into a shaft and drop 2 floors!
  3076 | D:5      | Entered Level 5 of the Dungeon
  3108 | D:5      | Found a staircase to the Ecumenical Temple.
  3126 | Temple   | Entered the Ecumenical Temple
  3448 | D:5      | Reached skill level 5 in Shields
  3448 | D:5      | Reached XP level 7. HP: 44/44 MP: 7/7
  3513 | D:5      | Noticed frimble's ghost (amateur TrWr)
  3522 | D:5      | Found a transporter.
  3525 | D:5      | Found a transporter.
  4731 | D:5      | You are sucked into a shaft and drop 1 floor!
  4751 | D:6      | Reached skill level 1 in Evocations
  4759 | D:6      | Found a runed translucent door.
  4759 | D:6      | Noticed bande's ghost (novice GrFi)
  4762 | D:6      | Noticed a basilisk
  4786 | D:6      | Killed a basilisk
  4787 | D:6      | Reached XP level 8. HP: 28/48 MP: 8/8
  4814 | D:6      | Found Riploy Urez's Jewellery Shoppe.
  4841 | D:6      | Found a sand-covered staircase.
  4849 | Ossuary  | Entered an ossuary
  5061 | Ossuary  | Reached skill level 5 in Fighting
  5335 | Ossuary  | Reached skill level 5 in Long Blades
  5416 | Ossuary  | Reached XP level 9. HP: 22/54 MP: 9/9
  5875 | D:6      | Noticed a two-headed ogre
  6726 | D:6      | Killed from afar by an acid dragon

Illustrated notes

Levels and vault maps discovered:
D:1:      lemuel_arrival_muddy, layout_basic,
          dreamdust_ecumenical_altar_drowned_temple, minmay_heptomino_h4
D:2:      layout_basic, serial_glass, glass_columns_a, glass_columns_c,
          glass_columns_b, glass_columns_c, glass_columns_a, glass_columns_a,
          kennysheep_nub, uniq_terence, uniq_crazy_yiuf_cottage, uniq_sigmund
D:3:      layout_rooms
D:4:      layout_cave_pods, minmay_pentangle
D:5:      layout_loops_cross, temple_hall, gammafunk_ghost_mausoleum,
          hangedman_decor_push
D:6:      layout_rooms, hellmonk_ghost_happy_afterlife,
          nicolae_ossuary_entry_plus, serial_shops, shop,
          nicolae_take_the_stairs
Temple:   nicolae_temple_the_god_donut

Skill      XL: |  1  2  3  4  5  6  7  8  9 |
---------------+----------------------------+-----
Long Blades    | 2 3 4 5 |  5.6
Armour         | 4 5 6 7 |  7.3
Dodging        | 1 2 3 |  3.2
Shields        | 4 5 6 7 |  7.3
Fighting       | 4 5 |  5.6
Evocations     | 1 2 |  2.8

Action                   |  1- 3 |  4- 6 |  7- 9 || total
-------------------------+-------+-------+-------++-------
Melee: Long sword        |    80 |   172 |   410 ||   662
  Use: Scroll            |     3 |     3 |     9 ||    15
       Potion            |     1 |       |     1 ||     2
Armor: Scale mail        |    38 |   123 |   287 ||   448
Dodge: Dodged            |    32 |    74 |   272 ||   378
Block: Buckler           |    12 |    29 |   122 ||   163

Table legend: (Time is in decaauts)
 A = Elapsed time spent in this place.
 B = Non-inter-level travel time spent in this place.
 C = Inter-level travel time spent in this place.
 D = Time resting spent in this place.
 E = Time spent auto-exploring this place.
 F = Levels seen in this place.
 G = Mean time per level.
                   A        B        C        D        E       F      G
               +--------+--------+--------+--------+--------+-----+--------+
         Total |   6869 |   6770 |     99 |    656 |   4331 |   8 |  858.6 |
       Dungeon |   5565 |   5476 |     89 |    330 |   3718 |   6 |  927.5 |
        Temple |    281 |    271 |     10 |      0 |    255 |   1 |  281.0 |
       Ossuary |   1021 |   1021 |      0 |    326 |    358 |   1 | 1021.0 |
               +--------+--------+--------+--------+--------+-----+--------+

Top non-repeatable levels by time:
     D:2: 1394 daAuts
     D:1: 1078 daAuts
     D:5: 1025 daAuts
 Ossuary: 1021 daAuts
     D:4: 1001 daAuts
     D:3: 810 daAuts
  Temple: 281 daAuts
     D:6: 254 daAuts
